 Dungeon Crawl Stone Soup version 0.22.1-2-g9c5b331 (webtiles) character file.

99296 lysyklops the Warrior (level 15, 144/144 HPs)
             Began as a Minotaur Fighter on Dec 19, 2018.
             Was the Champion of Okawaru.
             Quit the game on level 15 of the Dungeon.
             The game lasted 01:13:54 (31305 turns).

lysyklops the Warrior (Minotaur Fighter)           Turns: 31305, Time: 01:13:55

Health: 144/144    AC: 29    Str: 27    XL:     15   Next: 77%
Magic:  20/20      EV:  8    Int: 15    God:    Okawaru [******]
Gold:   2125       SH: 14    Dex:  8    Spells: 14/14 levels left

rFire    + . .     SeeInvis .   e - +5 scimitar of Moral Flaws {flame, rF+ Str+3 Int+10 Dex-5}
rCold    + . .     Gourm    .   U - +0 shield (curse)
rNeg     + . .     Faith    .   F - +3 plate armour {rC+}
rPois    .         Spirit   .   (helmet restricted)
rElec    .         Reflect  .   P - +2 cloak
rCorr    .         Harm     .   R - +2 pair of gloves
MR       ++...                  Y - +0 pair of boots
Stlth    ..........             i - amulet of the acrobat
HPRegen  0.34/turn              X - ring of protection from magic
MPRegen  0.17/turn              T - ring of positive energy

@: no status effects
A: retaliatory headbutt, horns 2
a: Heroism, Finesse, Renounce Religion


You were on level 15 of the Dungeon.
You worshipped Okawaru.
Okawaru was exalted by your worship.
You were hungry.

You visited 4 branches of the dungeon, and saw 24 of its levels.
You visited the Abyss 1 time.
You also visited: Labyrinth.

You collected 2659 gold pieces.
You spent 534 gold pieces at shops.

Inventory:

Hand Weapons
 e - the +5 scimitar of Moral Flaws (weapon) {flame, rF+ Str+3 Int+10 Dex-5}
   (Okawaru gifted it to you on level 6 of the Lair of Beasts)

   It has been specially enchanted to burn those struck by it, causing extra
   injury to most foes and up to half again as much damage against particularly
   susceptible opponents.
   Big, fiery blades are also staple armaments of hydra-hunters.
   It affects your strength (+3).
   It affects your intelligence (+10).
   It affects your dexterity (-5).
   It protects you from fire.
Armour
 F - a +3 plate armour of cold resistance (worn)
 P - a +2 cloak (worn)
 R - a +2 pair of gloves (worn)
 U - a cursed +0 shield (worn)
 Y - a +0 pair of boots (worn)
Jewellery
 b - an uncursed ring of protection from cold
 i - an amulet of the acrobat (around neck)
 q - an uncursed ring of ice {unknown}
 B - a +4 ring of evasion
 O - an uncursed ring of poison resistance
 Q - an uncursed ring of resist corrosion
 T - a ring of positive energy (right hand)
 V - an uncursed ring of protection from fire
 X - a ring of protection from magic (left hand)
 Z - an uncursed ring of see invisible
Wands
 a - a wand of iceblast (25)
 l - a wand of acid (5)
 v - a wand of polymorph (25)
 w - a wand of disintegration (11)
 G - a wand of enslavement (43)
 H - a wand of flame (46)
 J - a wand of clouds (21)
 M - a wand of paralysis (75)
Scrolls
 h - a scroll of fog
 j - 7 scrolls of amnesia
 k - 6 scrolls of remove curse
 n - a scroll of silence
 o - 2 scrolls of fear
 r - 7 scrolls of magic mapping
 s - 9 scrolls of teleportation
 y - 5 scrolls of blinking
 C - 4 scrolls of identify
 D - a scroll of brand weapon
 I - 4 scrolls of summoning
 L - a scroll of holy word
 S - a scroll of enchant weapon
Potions
 c - 3 potions of curing
 d - 3 potions of might
 g - 5 potions of agility
 m - 2 potions of haste
 p - 6 potions of heal wounds
 t - 4 potions of brilliance
 u - a potion of resistance {unknown}
 x - a potion of ambrosia
 z - 4 potions of berserk rage
 A - a potion of magic
 E - a potion of cancellation
 K - 5 potions of flight
 N - a potion of invisibility {unknown}
Comestibles
 f - 36 rations


   Skills:
 + Level 16.0 Fighting
 + Level 15.8 Long Blades
 + Level 16.0 Armour
 + Level 16.0 Shields
 - Level 9.0 Invocations


You had 14 spell levels left.
You didn't know any spells.
Your spell library contained the following spells:

 Spells                   Type           Power        Failure   Level  Hunger
 Animate Skeleton         Necr           N/A          85%         1    ##.....
 Apportation              Tloc           #.....       85%         1    ##.....
 Confusing Touch          Hex            #.....       85%         1    ##.....
 Freeze                   Ice            #...         85%         1    ##.....
 Sandblast                Erth           #.....       85%         1    ##.....
 Sting                    Conj/Pois      #...         85%         1    ##.....
 Summon Small Mammal      Summ           #...         85%         1    ##.....
 Poisonous Vapours        Pois/Air       #.....       94%         2    ###....
 Ignite Poison            Fire/Tmut/Pois #.......     99%         3    ####...
 Mephitic Cloud           Conj/Pois/Air  #.......     99%         3    ####...
 Leda's Liquefaction      Hex/Erth       #.........   100%        4    #####..
 Olgreb's Toxic Radiance  Pois           #.......     100%        4    #####..
 Petrify                  Tmut/Erth      #.......     100%        4    #####..
 Fireball                 Conj/Fire      #.........   100%        5    ######.
 Venom Bolt               Conj/Pois      #.........   100%        5    ######.
 Bolt of Fire             Conj/Fire      #.........   100%        6    #######
 Freezing Cloud           Conj/Ice/Air   #.........   100%        6    #######
 Ring of Flames           Chrm/Fire      #.........   100%        7    #######
 Ignition                 Fire           #.........   100%        8    #######


Dungeon Overview and Level Annotations

Branches:
Dungeon (15/15)            Temple (1/1) D:6            Lair (6/6) D:8
 Shoals (0/4) Lair:2        Snake (0/4) Lair:3        Slime (0/5) Lair:6
    Orc (2/2) D:12            Elf (0/3) Orc:2        Vaults (0/5) D:14
 Depths (0/5) D:15

Altars:
Ashenzari
Cheibriados
Dithmenos
Elyvilon
Fedhas
Gozag
Hepliaklqana
Kikubaaqudgha
Makhleb
Nemelex Xobeh
Okawaru
Qazlal
Ru
Sif Muna
Trog
Uskayaw
Vehumet
Wu Jian
Xom
Yredelemnul
Zin
The Shining One

Shops:
D:10 :   D:11 ?   D:13 (   Orc:2 :(!?

Portals:
Pandemonium: Orc:2

Annotations:
D:8 3 runed doors, strongu's ghost, novice OpAs
Lair:2 1 runed door, colophon's ghost, journeyman KoEn


Innate Abilities, Weirdness & Mutations

You reflexively headbutt those who attack you in melee.
You have a pair of horns on your head.


Message History

Things that are here:
5 arrows; an uncursed shortbow You see here 2 arrows.
There is a stone staircase leading up here.
Things that are here:
13 arrows; an uncursed shortbow
Found 15 gold pieces.
Found an emerald potion.
Done exploring.
Done exploring.
Done exploring.
Done exploring.
You see here an emerald potion.
You see here an emerald potion.
N - an emerald potion You see here a ration.
f - 36 rations (gained 1)
You see here 15 gold pieces.
You now have 2125 gold pieces (gained 15).
Are you sure you want to abandon this character and quit the game? (Confirm

#######.............#
#......#.#.#..#
#......[......#
#......#.#.#(##
#...........?#
###.######.### #.#
#.# #.######.#
#.......@# ########.#
#.# ########.#
#.......[# #.########
#.# #########.#
..†.......#


There were no monsters in sight!

Vanquished Creatures
  An orc warlord (Orc:2)
  A minotaur (Lab)
  2 fire dragons
  8 vault guards
  7 hydras
  A catoblepas (Lair:1)
  6 two-headed ogres
  2 centaur warriors (D:14)
  An ogre mage (D:14)
  2 death knights (D:14)
  2 orc high priests (Orc:2)
  A fire crab (Lair:6)
  A sun demon (Orc:2)
  A soul eater (Orc:2)
  8 skeletal warriors
  A torturous demonspawn (Orc:2)
  2 wizards
  An infernal demonspawn (Orc:2)
  A phantasmal warrior (D:15)
  A shadow dragon zombie (D:15)
  A necromancer (D:15)
  7 orc knights
  24 ugly things
  11 orc sorcerers (Orc:2)
  2 cyclopes
  A fire giant zombie (D:15)
  10 elephants
  Maurice (D:10)
  2 molten gargoyles (Lair:6)
  A gargoyle (D:10)
  4 black mambas
  8 spiny frogs
  An orange demon (Orc:2)
  A rime drake (Lair:1)
  An efreet (D:15)
  A yaktaur (D:15)
  A kobold demonologist (D:14)
  15 komodo dragons
  A freezing wraith (D:14)
  A hellwing (Orc:1)
  A red devil (Orc:2)
  A queen bee (D:9)
  8 trolls
  2 polar bears
  2 meliai zombies (D:13)
  10 hippogriffs
  4 slime creatures (D:13)
  20 blink frogs
  An ettin zombie (D:15)
  A dream sheep (Lair:5)
  2 vampires
  A deep troll skeleton (D:15)
  A shapeshifter (D:15)
  2 wraiths
  6 wyverns
  15 yaks
  7 basilisks
  2 steam dragons (Lair:6)
  2 hungry ghosts
  4 vampire mosquitoes (D:12)
  Menkaure (D:7)
  4 wargs
  4 hell hounds (Lair:6)
  2 nagas (Lair:3)
  7 porcupines
  14 water moccasins
  45 orc warriors
  A black bear (D:9)
  4 phantoms
  5 ice beasts
  2 sky beasts
  14 ogres
  10 wolves
  11 centaurs
  10 crocodiles
  Blork the orc (D:5)
  18 bullfrogs
  A gnoll sergeant (D:7)
  A wyvern zombie (D:14)
  A wyvern skeleton (D:9)
  8 scorpions
  4 wights (D:10)
  33 killer bees
  5 electric eels
  11 crimson imps
  5 lava snakes (Lair:6)
  2 bullfrog zombies
  3 quasits
  6 centaur zombies
  11 hounds
  5 jellies
  20 orc priests
  An iguana (D:4)
  35 orc wizards
  6 centaur skeletons
  A gnoll shaman (D:6)
  Jessica (D:3)
  Terence (D:3)
  10 worker ants
  A hound zombie (D:5)
  6 gnolls
  16 adders
  8 shadow imps
  3 oozes
  2 dart slugs (D:2)
  5 leopard geckos
  94 orcs
  14 bats
  7 giant cockroaches
  7 goblins
  11 hobgoblins
  9 jackals (D:3)
  5 quokkas
  3 frilled lizards
  A giant cockroach zombie (D:5)
  9 kobolds
  3 leopard gecko skeletons
  A quokka zombie (D:8)
  12 rats
  2 fungi (D:10)
  A plant (D:10)
  A toadstool (D:1)
781 creatures vanquished.

Vanquished Creatures (others)
  An orc (D:8)
  6 fungi
  3 plants
  3 toadstools (D:1)
  2 withered plants (D:15)
15 creatures vanquished.

Grand Total: 796 creatures vanquished

Notes
Turn   | Place    | Note
-------+----------+-------------------------------------------
     0 | D:1      | lysyklops the Minotaur Fighter began the quest for the Orb.
     0 | D:1      | Reached XP level 1. HP: 19/19 MP: 0/0
    57 | D:1      | Reached XP level 2. HP: 26/27 MP: 1/1
   660 | D:2      | Found a snail-covered altar of Cheibriados.
   666 | D:2      | Reached XP level 3. HP: 32/33 MP: 2/2
   965 | D:2      | Reached XP level 4. HP: 36/40 MP: 3/3
  1730 | D:2      | Reached XP level 5. HP: 7/47 MP: 4/4
  2092 | D:3      | Noticed Terence
  2102 | D:3      | Killed Terence
  2179 | D:3      | Noticed Jessica
  2185 | D:3      | Killed Jessica
  2185 | D:3      | Reached skill level 5 in Armour
  2185 | D:3      | Reached skill level 5 in Shields
  2411 | D:3      | Noticed a moth of wrath
  2418 | D:3      | Reached skill level 5 in Fighting
  2552 | D:3      | Found a bloodstained altar of Trog.
  2616 | D:3      | Reached XP level 6. HP: 41/56 MP: 5/5
  3035 | D:4      | Found a blossoming altar of Fedhas.
  3125 | D:4      | Found a sacrificial altar of Ru.
  3404 | D:4      | You fall through a shaft for 3 floors!
  3407 | D:7      | Noticed Menkaure
  3410 | D:7      | Reached skill level 5 in Long Blades
  3410 | D:7      | Reached XP level 7. HP: 32/62 MP: 6/6
  3414 | D:7      | Killed Menkaure
  4121 | D:6      | Reached XP level 8. HP: 23/71 MP: 7/7
  4444 | D:6      | Found a staircase to the Ecumenical Temple.
  4454 | Temple   | Entered the Ecumenical Temple
  4544 | Temple   | Became a worshipper of Warmaster Okawaru
  4926 | D:5      | Entered Level 5 of the Dungeon
  5010 | D:5      | Noticed Blork the orc
  5017 | D:5      | Killed Blork the orc
  5609 | D:5      | Found a glowing golden altar of the Shining One.
  6090 | D:6      | Reached skill level 1 in Invocations
  6274 | D:7      | Reached * piety under Okawaru
  6489 | D:7      | Reached XP level 9. HP: 76/81 MP: 9/9
  7054 | D:7      | Reached ** piety under Okawaru
  8056 | D:8      | Noticed a troll
  8392 | D:8      | Killed a troll
  8656 | D:8      | Found a staircase to the Lair.
  8814 | D:8      | Reached *** piety under Okawaru
  8817 | D:8      | Found a runed gate.
  8818 | D:8      | Found a runed gate.
  8819 | D:8      | Found a runed gate.
  8821 | D:8      | Noticed strongu's ghost (novice OpAs)
  8838 | D:8      | Reached XP level 10. HP: 85/91 MP: 12/12
  9347 | D:9      | Noticed a two-headed ogre
  9356 | D:9      | Killed a two-headed ogre
  9482 | D:9      | Reached **** piety under Okawaru
  9986 | D:9      | Reached skill level 5 in Invocations
 10469 | D:9      | Received a gift from Okawaru
 10512 | D:9      | Reached skill level 10 in Fighting
 10517 | D:9      | Reached skill level 10 in Shields
 10662 | D:9      | Reached skill level 10 in Armour
 10800 | D:9      | Found an ornate altar of the Wu Jian Council.
 10802 | D:9      | Found a stormy altar of Qazlal.
 10808 | D:9      | Found a shadowy altar of Dithmenos.
 11553 | D:10     | Entered Level 10 of the Dungeon
 11586 | D:10     | Noticed a gargoyle
 11594 | D:10     | Killed a gargoyle
 11617 | D:10     | Noticed Maurice
 11629 | D:10     | Killed Maurice
 11629 | D:10     | Reached XP level 11. HP: 100/100 MP: 14/14
 11645 | D:10     | Found Wuzeylu's Book Emporium.
 11680 | D:10     | Found a blossoming altar of Fedhas.
 11836 | D:10     | Reached ***** piety under Okawaru
 11836 | D:10     | Reached skill level 10 in Long Blades
 12257 | Lair:1   | Entered Level 1 of the Lair of Beasts
 12823 | Lair:1   | Noticed a five-headed hydra
 12827 | Lair:1   | Noticed a catoblepas
 12827 | Lair:1   | a five-headed hydra changed into a catoblepas
 12838 | Lair:1   | Killed a catoblepas
 13584 | Lair:2   | Received a gift from Okawaru
 13803 | Lair:2   | Found a staircase to the Shoals.
 14550 | Lair:2   | Reached XP level 12. HP: 95/110 MP: 16/16
 14675 | Lair:2   | Found a runed door.
 14675 | Lair:2   | Noticed colophon's ghost (journeyman KoEn)
 15094 | Lair:3   | Found a labyrinth entrance.
 15103 | Lab      | Entered a labyrinth
 15688 | Lab      | Noticed a minotaur
 15712 | Lab      | Killed a minotaur
 15726 | Lab      | Identified the Volume of the Spheres
 16149 | Lair:3   | Noticed a six-headed hydra
 17534 | Lair:3   | Found a staircase to the Snake Pit.
 18277 | Lair:4   | Received a gift from Okawaru
 18776 | Lair:4   | You fall through a shaft!
 19599 | Lair:5   | Noticed a six-headed hydra
 19599 | Lair:5   | Noticed a seven-headed hydra
 19599 | Lair:5   | Noticed a six-headed hydra
 19649 | Lair:6   | Entered Level 6 of the Lair of Beasts
 19676 | Lair:6   | Reached XP level 13. HP: 96/119 MP: 11/18
 19685 | Lair:6   | Received a gift from Okawaru
 19696 | Lair:6   | Got an encrusted scimitar {god gift}
 19697 | Lair:6   | Identified the +5 scimitar of Moral Flaws {flame, rF+ Str+3
                  | Int+10 Dex-5} (Okawaru gifted it to you on level 6 of the
                  | Lair of Beasts)
 20737 | Lair:6   | Found a staircase to the Slime Pits.
 21569 | Lair:6   | Noticed a fire dragon
 21805 | Lair:6   | Found a large runed door.
 21806 | Lair:6   | Found a large runed door.
 21827 | Lair:6   | Killed a fire dragon
 22696 | D:11     | Found Ruxicheg's Magic Scroll Shop.
 22704 | D:11     | Bought a scroll of silence for 135 gold pieces
 23475 | D:12     | Reached ****** piety under Okawaru
 23736 | D:12     | Found a staircase to the Orcish Mines.
 23907 | Orc:1    | Entered Level 1 of the Orcish Mines
 23922 | Orc:1    | Received a gift from Okawaru
 24115 | Orc:1    | Reached XP level 14. HP: 77/130 MP: 19/19
 24772 | Orc:2    | Entered Level 2 of the Orcish Mines
 24857 | Orc:2    | Noticed an orc warlord
 24887 | Orc:2    | Killed an orc warlord
 25063 | Orc:2    | Found a staircase to the Elven Halls.
 25743 | Orc:2    | Found Kusch's Magic Scroll Shop.
 25744 | Orc:2    | Found Kudaid's Distillery.
 26330 | Orc:2    | Bought a scroll of random uselessness for 13 gold pieces
 26330 | Orc:2    | Bought a scroll of blinking for 97 gold pieces
 26332 | Orc:2    | Bought a potion of heal wounds for 85 gold pieces
 26332 | Orc:2    | Bought a potion of might for 68 gold pieces
 26332 | Orc:2    | Bought a potion of heal wounds for 85 gold pieces
 26332 | Orc:2    | Bought a potion of curing for 51 gold pieces
 26730 | Orc:2    | Found Esip's Antique Weapon Emporium.
 26730 | Orc:2    | Found a one-way gate leading to the halls of Pandemonium.
 26730 | Orc:2    | Found Rogad's Book Shoppe.
 27386 | D:12     | Received a gift from Okawaru
 27715 | D:13     | Found a shadowy altar of Dithmenos.
 27772 | D:13     | Found Fyirchino's Weapon Emporium.
 28452 | D:14     | Reached skill level 15 in Fighting
 28452 | D:14     | Reached skill level 15 in Shields
 28454 | D:14     | Reached skill level 15 in Armour
 28688 | D:14     | Reached XP level 15. HP: 97/141 MP: 20/20
 29112 | D:14     | Reached skill level 15 in Long Blades
 29345 | D:14     | Found a gate to the Vaults.
 29448 | D:14     | Received a gift from Okawaru
 29609 | D:15     | Entered Level 15 of the Dungeon
 30378 | D:15     | Received a gift from Okawaru
 30825 | D:15     | Cast into level 2 of the Abyss (a wizard)
 30860 | D:15     | Escaped the Abyss
 30935 | D:15     | Found a staircase to the Depths.
 31305 | D:15     | Quit the game

Skill      XL: |  1  2  3  4  5  6  7  8  9 10 11 12 13 14 15 |
---------------+----------------------------------------------+-----
Armour         | 4 5 6 7 9 10 11 12 13 15 16 | 16.0
Shields        | 4 5 6 7 9 10 11 12 13 15 16 | 16.0
Fighting       | 4 5 6 7 9 10 11 12 13 15 16 | 16.0
Long Blades    | 3 4 5 6 7 8 9 11 12 13 14 15 | 15.8
Invocations    | 1 4 5 7 8 9 |  9.0

Action                   |  1- 3 |  4- 6 |  7- 9 | 10-12 | 13-15 || total
-------------------------+-------+-------+-------+-------+-------++-------
Melee: Long sword        |    77 |   162 |   405 |   948 |    17 ||  1609
       Headbutt          |    17 |    28 |   104 |   263 |   292 ||   704
       Scimitar          |       |       |       |       |  1312 ||  1312
Invok: Heroism           |       |       |     1 |    13 |    20 ||    34
       Finesse           |       |       |       |     3 |     8 ||    11
Evoke: Wand              |       |       |       |    15 |       ||    15
  Use: Potion            |       |       |     2 |     5 |     3 ||    10
       Scroll            |       |       |       |    24 |     2 ||    26
  Eat: Chunk             |       |     8 |     9 |    23 |    22 ||    62
       Ration            |       |       |     3 |     4 |     4 ||    11
Armor: Scale mail        |    33 |    70 |   122 |   286 |   194 ||   705
       Plate armour      |       |       |       |       |   260 ||   260
Dodge: Dodged            |    24 |    49 |   134 |   336 |   426 ||   969
Block: Shield            |    39 |    81 |   237 |   581 |   722 ||  1660
       Rpst.: Long sword |     5 |    11 |    40 |    76 |       ||   132
       Scimitar          |       |       |       |       |    78 ||    78
